 Dungeon Crawl Stone Soup version 0.29.1 (webtiles) character file.

Game seed: 3569135682477001140

11609 greasedhog the Geomancer (level 11, 0/63 HPs)
             Began as a Gargoyle Earth Elementalist on Sept 13, 2022.
             Was a Believer of Vehumet.
             Slain by Snorg (6 damage)
             ... on level 10 of the Dungeon.
             The game lasted 00:17:56 (11693 turns).

greasedhog the Geomancer (GrEE)                    Turns: 11693, Time: 00:17:57

Health: 0/63       AC: 17    Str: 12    XL:     11   Next: 80%
Magic:  13/18      EV: 13    Int: 20    God:    Vehumet [**....]
Gold:   607        SH:  0    Dex: 10    Spells: 10/20 levels left

rFire   . . .      SeeInvis .   t - +1 quarterstaff
rCold   . . .      Faith    .   (shield currently unavailable)
rNeg    + . .      Spirit   .   G - +0 steam dragon scales
rPois   ∞          Reflect  .   (no helmet)
rElec   +          Harm     .   (no cloak)
rCorr   .          Rampage  .   q - +2 pair of gloves
Will    +....                   (no boots)
Stlth   ++........              n - amulet of the acrobat
HPRegen 0.20/turn               F - ring of willpower
MPRegen 0.16/turn               (no ring)

@: no status effects
A: sickness immunity, AC +8, negative energy resistance 1, electricity
resistance, torment resistance 1, petrification resistance
a: Renounce Religion


You were on level 10 of the Dungeon.
You worshipped Vehumet.
Vehumet was pleased with you.
You visited 3 branches of the dungeon, and saw 12 of its levels.
You also visited: Sewer.

You collected 696 gold pieces.
You spent 89 gold pieces at shops.

Inventory:

Hand Weapons
 t - a +1 quarterstaff (weapon)
Armour
 q - a +2 pair of gloves (worn)
 G - +0 steam dragon scales (worn)
Jewellery
 n - an amulet of the acrobat (around neck)
 s - a ring of fire
 F - a ring of willpower (left hand)
Wands
 v - a wand of charming (8)
 z - a wand of roots (3)
 B - a wand of polymorph (3)
 D - a wand of flame (19)
Scrolls
 a - a scroll of identify
 c - 2 scrolls of poison
 d - 5 scrolls of vulnerability
 g - a scroll of enchant armour
 k - 2 scrolls of magic mapping
 m - 9 scrolls of teleportation
 u - 3 scrolls of fog
 x - 2 scrolls of fear
 A - a scroll of blinking
Potions
 b - 2 potions of magic
 f - 9 potions of curing
 h - 2 potions of berserk rage
 i - 8 potions of heal wounds
 j - 3 potions of flight
 l - a potion of attraction {unknown}
 o - 3 potions of might {unknown}
 p - 4 potions of lignification {unknown}
 r - 3 potions of mutation {unknown}
 w - 3 potions of brilliance {unknown}
 C - a potion of ambrosia {unknown}
 H - 2 potions of invisibility {unknown}
Miscellaneous
 y - a condenser vane


   Skills:
 * Level 5.1 Fighting
 - Level 5.1 Armour
 - Level 5.0 Dodging
 - Level 2.1 Stealth
 - Level 5.1 Spellcasting
 - Level 6.0 Conjurations
 * Level 6.2 Transmutations
 * Level 13.1 Earth Magic
 - Level 5.0 Evocations


You had 10 spell levels left.
You knew the following spells:

 Your Spells              Type           Power      Damage    Failure   Level
a - Sandblast             Erth           100%       2d20      1%          1
b - Passwall              Tmut/Erth      36%        N/A       1%          2
c - Stone Arrow           Conj/Erth      86%        3d12      1%          3
d - Petrify               Tmut/Erth      44%        N/A       1%          4

Your spell library contained the following spells:

 Spells                   Type           Power      Damage    Failure   Level
 Poisonous Vapours        Pois/Air       10%        N/A       17%         2
 Foxfire                  Conj/Fire      68%        2x1d7     3%          1
 Conjure Flame            Conj/Fire      17%        6-21      10%         3
 Dazzling Flash           Conj/Hex       34%        N/A       10%         3
 Summon Small Mammal      Summ           20%        N/A       12%         1
 Flame Wave               Conj/Fire      17%        2d7       32%         4
 Call Canine Familiar     Summ           5%         N/A       34%         3
 Gell's Gravitas          Tloc           5%         N/A       34%         3
 Inner Flame              Hex/Fire       5%         N/A       34%         3
 Lesser Beckoning         Tloc           5%         N/A       34%         3
 Summon Guardian Golem    Hex/Summ       5%         N/A       34%         3
 Teleport Other           Tloc           5%         N/A       34%         3
 Lightning Bolt           Conj/Air       8%         1d21      67%         5
 Corpse Rot               Necr/Pois/Air  5%         N/A       75%         4
 Dispel Undead            Necr           5%         3d7       75%         4
 Summon Lightning Spire   Summ/Air       5%         N/A       75%         4
 Conjure Ball Lightning   Conj/Air       8%         3x3d6     99%         6
 Death Channel            Necr           2%         N/A       100%        6
 Storm Form               Tmut/Air       8%         N/A       100%        7
 Discord                  Hex            2%         N/A       100%        8
 Disjunction              Tloc           2%         N/A       100%        8
 Maxwell's Capacitive Co  Air            2%         ∞         100%        8


Dungeon Overview and Level Annotations

Branches:
Dungeon (10/15)            Temple (1/1) D:4            Lair (0/5) D:8
    Orc (1/2) D:10          Sewer (visited)

Altars:
Ashenzari
Cheibriados
Dithmenos
Elyvilon
Fedhas
Gozag
Hepliaklqana
Kikubaaqudgha
Makhleb
Nemelex Xobeh
Okawaru
Qazlal
Ru
Sif Muna
Trog
Uskayaw
Vehumet
Wu Jian
Xom
Yredelemnul
Zin
The Shining One

Shops:
D:1 *   D:2 (

Annotations:
D:10 Snorg


Innate Abilities, Weirdness & Mutations

You are immune to sickness and miasma.
Your stone body is resilient. (AC +8)
You are immune to poison.
You resist negative energy. (rN+)
You are resistant to electric shocks. (rElec)
You are resistant to unholy torment.
You are immune to petrification.


Message History

Snorg closely misses you. Snorg misses you. Snorg attacks as you move away!
Snorg misses you. x2
Snorg claws you but does no damage. Snorg attacks as you move away!
Snorg bites you! Snorg completely misses you. Snorg misses you.
Snorg stops moving altogether!
The helpless Snorg fails to defend herself.
You sock Snorg!
Snorg is lightly wounded.
The helpless Snorg fails to defend herself.
You hit Snorg.
Snorg is lightly wounded.
The helpless Snorg fails to defend herself.
You hit Snorg.
Snorg is lightly wounded.
The helpless Snorg fails to defend herself.
You hit Snorg.
Snorg is lightly wounded.
The helpless Snorg fails to defend herself.
You hit Snorg.
Snorg is lightly wounded.
The helpless Snorg fails to defend herself.
You hit Snorg.
Snorg is lightly wounded.
The helpless Snorg fails to defend herself.
You hit Snorg.
Snorg is lightly wounded.
Snorg is no longer petrified.
Snorg closely misses you. Snorg completely misses you. x2
Snorg attacks as you move away! Snorg completely misses you. x2
Snorg misses you.
Casting: Petrify (dangerous; 1% risk of failure)
Confirm with . or Enter, or press ? or * to list all spells.
Aiming: Petrify (dangerous; 1% risk of failure)
Press: ? - help, Shift-Dir - straight line, f/p - Snorg
Aim: Snorg (berserk, chance to affect: 33%) Snorg easily resists.
Snorg barely misses you. Snorg claws you!
Snorg closely misses you. x2; Snorg claws you!
* * * LOW HITPOINT WARNING * * *
Snorg claws you.
You die...

..........#..............>.....#.
..........#....................#.
..........####....##############.
###########.##....############...
.....##......................#..#
.............................#..#
........##...............#.###...
..##....##....##.........#.# ###.
..##..........##@..........# #.
.)..[..........T...##.....## #.
..))....)..........##....## #.
...)).[.###..............## #.
.....)....................# ####.
.....................##...###..#>
.........>[..........##........#.
...............................#.
..........................##...#.


You could see Snorg (berserk).

Vanquished Creatures
  Erolcha (D:9)
  4 two-headed ogres
  A cyclops (D:7)
  An unseen horror (D:10)
  A slime creature (D:7)
  Sigmund (D:5)
  A shadow (D:10)
  2 wyverns
  8 spriggans (D:9)
  5 yaks
  3 wraiths
  A vampire mosquito (D:7)
  A steam dragon (D:7)
  2 wargs (D:10)
  3 water moccasins
  3 ice beasts
  3 orc warriors
  A black bear (D:8)
  An ogre (D:5)
  3 centaurs
  2 phantoms
  2 kobold brigands
  Blork the orc (D:5)
  4 bullfrogs
  3 necrophages
  A gnoll sergeant (D:9)
  2 scorpions
  10 wights
  Dowan (D:5)
  5 killer bees (D:9)
  A howler monkey (D:5)
  9 orc priests
  3 gnoll boudas
  2 hounds
  4 iguanas
  11 orc wizards
  Ijyb (D:4)
  12 gnolls
  9 adders
  A river rat (D:6)
  2 shadow imps
  2 white imps
  9 worms
  28 orcs
  4 endoplasms (D:1)
  11 jackals
  12 kobolds
  3 ball pythons
  8 bats
  2 frilled lizards
  3 goblins
  7 rats
221 creatures vanquished.

Vanquished Creatures (collateral kills)
  Duvessa (D:5)
1 creature vanquished.

Vanquished Creatures (others)
  A troll (D:7)
  A wyvern (D:5)
2 creatures vanquished.

Grand Total: 224 creatures vanquished

Notes
Turn   | Place    | Note
-------+----------+-------------------------------------------
     0 | D:1      | greasedhog the Gargoyle Earth Elementalist began the quest
                  | for the Orb.
     0 | D:1      | Reached XP level 1. HP: 10/10 MP: 3/3
     1 | D:1      | Noticed an electric eel
    20 | D:1      | Reached skill level 1 in Transmutations
    67 | D:1      | Reached XP level 2. HP: 16/16 MP: 0/5
   118 | D:1      | Learned a level 2 spell: Passwall
   337 | D:1      | Reached skill level 4 in Earth Magic
   509 | D:1      | Found Kanakacw's Assorted Antiques.
   514 | D:1      | Reached skill level 1 in Fighting
   550 | D:1      | Bought a brown potion for 23 gold pieces
   550 | D:1      | Bought a scroll labelled XODIUT YDYNEI for 26 gold pieces
   758 | D:1      | Found a faded altar of an unknown god.
  1052 | D:2      | Reached XP level 3. HP: 20/20 MP: 0/6
  1373 | D:2      | Reached XP level 4. HP: 26/26 MP: 5/8
  1521 | D:2      | Found Milyh's Weapon Shoppe.
  1532 | D:2      | Bought a +0 quarterstaff for 40 gold pieces
  1961 | D:3      | Found a glowing golden altar of the Shining One.
  1971 | D:3      | Found a basalt altar of Yredelemnul.
  2079 | D:3      | Found a stormy altar of Qazlal.
  2383 | D:3      | Noticed an angel
  2421 | D:4      | Learned a level 3 spell: Stone Arrow
  2438 | D:4      | Noticed a kobold brigand
  2443 | D:4      | Killed a kobold brigand
  2444 | D:4      | Reached skill level 5 in Earth Magic
  2444 | D:4      | Reached XP level 5. HP: 32/32 MP: 4/10
  2517 | D:4      | Noticed Ijyb
  2524 | D:4      | Killed Ijyb
  2602 | D:4      | Found a staircase to the Ecumenical Temple.
  2700 | Temple   | Entered the Ecumenical Temple
  2919 | D:4      | Reached XP level 6. HP: 37/37 MP: 5/11
  3448 | D:4      | Found an ornate altar of the Wu Jian Council.
  4085 | D:4      | Reached skill level 6 in Earth Magic
  4085 | D:4      | Reached XP level 7. HP: 43/43 MP: 10/13
  4090 | D:4      | Learned a level 4 spell: Petrify
  4274 | D:5      | Entered Level 5 of the Dungeon
  4333 | D:5      | Noticed Edmund
  4705 | D:5      | Noticed Sigmund
  4710 | D:5      | Killed Sigmund
  4825 | D:5      | Reached skill level 5 in Fighting
  4846 | D:5      | Reached skill level 1 in Armour
  4846 | D:5      | Reached skill level 7 in Earth Magic
  4846 | D:5      | Reached XP level 8. HP: 17/49 MP: 11/15
  5092 | D:5      | Reached skill level 5 in Spellcasting
  5117 | D:5      | Noticed Blork the orc
  5122 | D:5      | Killed Blork the orc
  5159 | D:5      | Reached skill level 1 in Conjurations
  5171 | D:5      | Noticed Duvessa
  5175 | D:5      | Noticed Edmund
  5175 | D:5      | Edmund changed into Edmund the centaur
  5178 | D:5      | Noticed Edmund
  5178 | D:5      | Edmund the centaur changed into Edmund the wyvern
  5179 | D:5      | Noticed Dowan
  5180 | D:5      | Noticed Edmund
  5180 | D:5      | Edmund the wyvern changed into Edmund the fire bat
  5182 | D:5      | Noticed Edmund
  5182 | D:5      | Edmund the fire bat changed into Edmund the wyvern
  5185 | D:5      | Killed Duvessa
  5199 | D:5      | Your ally Edmund died
  5200 | D:5      | Killed Dowan
  5314 | D:5      | Reached skill level 8 in Earth Magic
  5374 | D:5      | Found a blossoming altar of Fedhas.
  5374 | D:5      | Found a glowing silver altar of Zin.
  5732 | D:6      | Found a glowing drain.
  5745 | D:6      | Reached XP level 9. HP: 50/54 MP: 9/16
  5762 | Sewer    | Entered a sewer
  6422 | D:6      | Reached skill level 5 in Armour
  6422 | D:6      | Reached skill level 9 in Earth Magic
  6752 | D:7      | Noticed a two-headed ogre
  6758 | D:7      | Killed a two-headed ogre
  6759 | D:7      | Reached skill level 5 in Conjurations
  6844 | D:7      | Found a radiant altar of Vehumet.
  6854 | D:7      | Became a worshipper of Vehumet
  7103 | D:6      | Reached skill level 10 in Earth Magic
  7331 | D:7      | Reached XP level 10. HP: 59/59 MP: 12/17
  7610 | D:7      | Found a sparkling altar of Nemelex Xobeh.
  7770 | D:7      | Noticed a two-headed ogre
  7774 | D:7      | Killed a two-headed ogre
  7777 | D:7      | Noticed a cyclops
  7794 | D:7      | Noticed a two-headed ogre
  7823 | D:7      | Killed a cyclops
  7824 | D:7      | Reached skill level 11 in Earth Magic
  7832 | D:7      | Killed a two-headed ogre
  7833 | D:7      | Reached skill level 5 in Dodging
  8035 | D:7      | Reached skill level 1 in Evocations
  8240 | D:7      | Found the +7 great mace "Undeadhunter" {disrupt, rN+}
  8250 | D:7      | Got the Disquisition on Attacks and Bewitchment
  8367 | D:8      | Found a shimmering altar of Xom.
  8368 | D:8      | Found a hazy altar of Hepliaklqana.
  8369 | D:8      | Noticed a spectral ugly thing
  8457 | D:8      | Reached * piety under Vehumet
  8457 | D:8      | Offered knowledge of Magic Dart by Vehumet.
  8566 | D:8      | Found a staircase to the Lair.
  9070 | D:9      | Reached XP level 11. HP: 52/63 MP: 13/18
  9193 | D:9      | Noticed Erolcha
  9199 | D:9      | Killed Erolcha
  9200 | D:9      | Reached skill level 12 in Earth Magic
  9371 | D:9      | Reached skill level 5 in Transmutations
  9804 | D:9      | Noticed a two-headed ogre
  9808 | D:9      | Killed a two-headed ogre
 10129 | D:10     | Entered Level 10 of the Dungeon
 10270 | D:10     | Reached ** piety under Vehumet
 10412 | D:10     | Offered knowledge of Poisonous Vapours by Vehumet.
 10639 | D:10     | Found a staircase to the Orcish Mines.
 10787 | D:10     | Reached skill level 13 in Earth Magic
 10794 | D:10     | Reached skill level 5 in Evocations
 11542 | Orc:1    | Entered Level 1 of the Orcish Mines
 11542 | Orc:1    | Noticed Snorg
 11693 | D:10     | Slain by Snorg

Illustrated notes

Levels and vault maps discovered:
D:1:      arrival_aquarium_a, layout_basic, serial_shops, shop_coins,
          shapermc_ecumenical_altar_starsandcircs
D:2:      layout_rooms, serial_shops, nicolae_shop_waterfront,
          minmay_misc_feat_doors
D:3:      layout_rooms, grunt_temple_overflow_holy_war,
          mainiacjoe_overflow_24_doors
D:4:      layout_loops_corners, nzn_wu_jian_contemplation, temple_doors_e,
          nicolae_wormholes, uniq_ijyb
D:5:      layout_rooms, gammafunk_temple_overflow_wave, uniq_duvessa,
          uniq_sigmund, uniq_blork_the_orc, uniq_edmund
D:6:      layout_loops_cross, cheibrodos_sewer_entry_sluice
D:7:      minmay_the_grid_triangle_9x9_rhombus_thin
          [minmay_the_grid_triangle_9x9_impossible_snake,
          minmay_the_grid_triangle_9x9_prize_schism,
          minmay_the_grid_triangle_9x9_shrine,
          minmay_the_grid_triangle_9x9_skeleton], layout_cave_pools,
          vehumet_altar_wand_db, nemelex_spade_bored_becter,
          kennysheep_generic_room_14
D:8:      layout_loops_ring, regret_index_temple_of_mockery, lair_entry_dummy
D:9:      kb_forest_paths, layout_irregular_city, serial_column_ruins,
          column_ruins_circle_small, column_ruins_open_tiny,
          column_ruins_open_tiny, column_ruins_open_small, column_ruins_grid_1,
          column_ruins_corridor_straight, uniq_erolcha
D:10:     layout_stronghold, erik_orc_4, ebering_dispersal_statue_hall
Temple:   hellmonk_temple_forest_ring
Orc:1:    layout_diamond_mine, uniq_snorg

Skill      XL: |  1  2  3  4  5  6  7  8  9 10 11 |
---------------+----------------------------------+-----
Transmutations | 1 4 6 |  6.2
Earth Magic    | 4 5 6 7 8 10 11 13 | 13.1
Fighting       | 1 2 3 4 5 |  5.1
Spellcasting   | 3 4 5 |  5.1
Armour         | 1 4 5 |  5.1
Conjurations   | 3 6 |  6.0
Dodging        | 3 5 |  5.0
Evocations     | 2 5 |  5.0
Stealth        | |  2.1

Action                   |  1- 3 |  4- 6 |  7- 9 | 10-12 || total
-------------------------+-------+-------+-------+-------++-------
Melee: Unarmed           |     8 |       |       |       ||     8
       Quarterstaff      |       |     1 |     7 |    33 ||    41
       Dagger            |       |     1 |       |       ||     1
 Cast: Sandblast         |    43 |    75 |   138 |   179 ||   435
       Stone Arrow       |       |       |     4 |    22 ||    26
       Petrify           |       |       |       |     4 ||     4
Evoke: Wand              |       |       |     2 |     4 ||     6
  Use: Scroll            |     3 |     5 |     4 |     4 ||    16
 Stab: Petrified         |       |       |       |    13 ||    13
Armor: Robe              |     4 |    18 |       |       ||    22
       Leather armour    |       |     7 |    48 |     6 ||    61
       Steam dragon scal |       |       |       |    82 ||    82
Dodge: Dodged            |     9 |    27 |    95 |   152 ||   283
